 Dungeon Crawl Stone Soup version 0.29-a0-222-g5b244fca1f (webtiles) character file.

Game seed: 6774949231687962878

102 cyrus the Poker (level 4, -2/37 HPs)
             Began as a Merfolk Fighter on Feb 27, 2022.
             Was a Believer of Cheibriados.
             Succumbed to a kobold brigand's poison
             ... on level 3 of the Dungeon.
             The game lasted 00:07:33 (3045 turns).

cyrus the Poker (Merfolk Fighter)                   Turns: 3045, Time: 00:07:33

Health: -2/37      AC: 11    Str: 21    XL:     4   Next: 78%
Magic:  4/4        EV:  5    Int: 14    God:    Cheibriados [**....]
Gold:   124        SH:  5    Dex: 18    Spells: 3/3 levels left

rFire   + . .      SeeInvis .   a - +0 trident
rCold   + . .      Faith    .   c - +0 buckler
rNeg    . . .      Spirit   .   h - +0 plate armour
rPois   .          Reflect  .   (no helmet)
rElec   .          Harm     .   m - scarf {rC+ rF+}
rCorr   .          Rampage  .   (no gloves)
Will    .....                   (no boots)
Stlth   ..........              (no amulet)
HPRegen 0.12/turn               (no ring)
MPRegen 0.09/turn               (no ring)

@: lethally poisoned (-2 -> -17), very slow
A: (nimble swimmer 2), mertail
a: Renounce Religion, Bend Time


You were on level 3 of the Dungeon.
You worshipped Cheibriados.
Cheibriados was pleased with you.
You visited 1 branch of the dungeon, and saw 3 of its levels.

You collected 124 gold pieces.

Inventory:

Hand Weapons
 a - a +0 trident (weapon)
Armour
 b - a +0 scale mail
 c - a +0 buckler (worn)
 h - a +0 plate armour (worn)
 m - a scarf of resistance (worn)
Scrolls
 d - a scroll of silence {unknown}
 e - a scroll of blinking {unknown}
 f - a scroll of amnesia {unknown}
 i - a scroll of immolation {unknown}
 j - a scroll of vulnerability {unknown}
 k - a scroll of teleportation {unknown}
Potions
 g - a potion of lignification {unknown}
 l - a potion of brilliance {unknown}


   Skills:
 + Level 3.8 Fighting
 + Level 4.0 Polearms
 + Level 2.9 Armour
 + Level 0.3 Dodging
 + Level 3.6 Shields


You had 3 spell levels left.
You didn't know any spells.
Your spell library contained the following spells:

 Spells                   Type           Power      Damage    Failure   Level
 Pain                     Necr           0%         1d4       100%        1
 Agony                    Necr           0%         N/A       100%        5
 Excruciating Wounds      Necr           0%         N/A       100%        5


Dungeon Overview and Level Annotations

Branches:
Dungeon (3/15)

Altars:
Cheibriados

Shops:
D:1 ![!   D:3 *


Innate Abilities, Weirdness & Mutations

((You are very nimble when in or above water. (Stealth+, EV+, Speed+++)))
Your lower body shifts to a powerful aquatic tail in water.


Message History

The kobold brigand hits you with a +0 club.
You closely miss the kobold brigand.
The kobold brigand is moderately wounded.
The kobold brigand barely misses you. The kobold brigand closely misses you.
You closely miss the kobold brigand.
The kobold brigand is moderately wounded.
The kobold brigand hits you with a +0 club.
You miss the kobold brigand.
The kobold brigand is moderately wounded.
The kobold brigand hits you with a +0 club.
You hit the kobold brigand but do no damage.
The kobold brigand is moderately wounded.
The kobold brigand hits you but does no damage.
You hit the kobold brigand but do no damage.
The kobold brigand is moderately wounded.
The kobold brigand hits you but does no damage.
You hit the kobold brigand but do no damage.
The kobold brigand is moderately wounded.
The kobold brigand hits you with a +0 club!
* * * LOW HITPOINT WARNING * * *
You hit the kobold brigand but do no damage.
The kobold brigand is moderately wounded.
The kobold brigand hits you but does no damage.
You puncture the kobold brigand!
The kobold brigand is heavily wounded.
The kobold brigand hits you with a +0 club.
* * * LOW HITPOINT WARNING * * *
You block the kobold brigand's attack.
The kobold brigand throws a poisoned dart.
You block the poisoned dart.
The kobold brigand hits you but does no damage.
The kobold brigand throws a poisoned dart.
The poisoned dart hits you!
You are lethally poisoned!
* * * LOW HITPOINT WARNING * * *
You feel sick.
The kobold brigand throws a poisoned dart.
The poisoned dart hits you!
You are more poisoned.
You die...

####... ..... .#
.... .# ..###.#.. .#
#.....#.### .. #.#
#...#####.####
#.#####.......#....
#.#.......##.....##.
#.JK..@.###.........
###.....(..........#
#...........##.#..
#...######........
##### #.###.#..
##########.# #
#).........#
#........#####
#...........<#


You could see a kobold brigand and an endoplasm.

Vanquished Creatures
  A gnoll (D:1)
  4 adders (D:2)
  A dart slug (D:3)
  5 endoplasms
  A giant cockroach (D:2)
  9 goblins
  5 hobgoblins
  6 jackals
  2 quokkas (D:1)
  7 ball pythons
  3 bats
  4 kobolds
  4 rats
52 creatures vanquished.

Vanquished Creatures (others)
  5 fungi (D:1)
  A plant (D:1)
6 creatures vanquished.

Grand Total: 58 creatures vanquished

Notes
Turn   | Place    | Note
-------+----------+-------------------------------------------
     0 | D:1      | cyrus the Merfolk Fighter began the quest for the Orb.
     0 | D:1      | Reached XP level 1. HP: 18/18 MP: 1/1
   241 | D:1      | Found Daakk's Antique Armour Shop.
   251 | D:1      | Reached XP level 2. HP: 18/24 MP: 2/2
   257 | D:1      | Reached skill level 3 in Polearms
   334 | D:1      | Found a faded altar of an unknown god.
   382 | D:1      | Prayed at the altar of an unknown god.
   382 | D:1      | Became a worshipper of Cheibriados the Contemplative
   382 | D:1      | Reached * piety under Cheibriados
   570 | D:1      | Reached XP level 3. HP: 29/30 MP: 3/3
   721 | D:1      | Found Tefaqod's Distillery.
  1197 | D:1      | Found Fauciash's Distillery.
  1724 | D:2      | Reached ** piety under Cheibriados
  2026 | D:2      | Reached XP level 4. HP: 37/37 MP: 4/4
  2786 | D:3      | Found a snail-covered altar of Cheibriados.
  2801 | D:3      | Reached skill level 4 in Polearms
  2817 | D:3      | Found Akloreqiuxt's General Store.
  3015 | D:3      | Noticed a kobold brigand
  3045 | D:3      | Succumbed to a kobold brigand's poison

Illustrated notes

Levels and vault maps discovered:
D:1:      lightli_arrival_farm, layout_loops_ring, serial_shops, shop,
          nicolae_shop_behind_doors, nicolae_diamond_shop,
          shapermc_ecumenical_altar_ellora
D:2:      layout_rooms
D:3:      layout_basic, cheibriados_altar_1, grunt_qazlal_clouds, serial_shops,
          shop, st_stairs_13

Skill      XL: |  1  2  3  4 |
---------------+-------------+-----
Polearms       | 3 4 |  4.0
Fighting       | |  3.8
Armour         | |  2.9
Dodging        | |  0.3
Shields        | |  3.6

Action                   |  1- 3 |  4- 6 || total
-------------------------+-------+-------++-------
Melee: Trident           |   116 |    75 ||   191
Invok: Bend Time         |     3 |     1 ||     4
  Use: Potion            |     2 |     1 ||     3
Armor: Scale mail        |    30 |       ||    30
       Plate armour      |    31 |   104 ||   135
Dodge: Dodged            |    41 |    37 ||    78
Block: Buckler           |    28 |    49 ||    77

Table legend: (Time is in decaauts)
 A = Elapsed time spent in this place.
 B = Non-inter-level travel time spent in this place.
 C = Inter-level travel time spent in this place.
 D = Time resting spent in this place.
 E = Time spent auto-exploring this place.
 F = Levels seen in this place.
 G = Mean time per level.
                   A        B        C        D        E       F      G
               +--------+--------+--------+--------+--------+-----+--------+
         Total |   3634 |   3311 |    323 |    879 |   1531 |   3 | 1211.3 |
       Dungeon |   3634 |   3311 |    323 |    879 |   1531 |   3 | 1211.3 |
               +--------+--------+--------+--------+--------+-----+--------+

Top non-repeatable levels by time:
     D:1: 1849 daAuts
     D:2: 1356 daAuts
     D:3: 427 daAuts
